 Dungeon Crawl Stone Soup version 0.26-a0-682-g294304f6e8 (webtiles) character file.

Game seed: 9935540562234328872

116 lunkers the Changer (level 5, -10/37 HPs)
             Began as a Merfolk Transmuter on Oct 20, 2020.
             Mangled by a large abomination (27 damage)
             ... on level 2 of the Abyss on Oct 21, 2020.
             The game lasted 00:08:08 (4536 turns).

lunkers the Changer (Merfolk Transmuter)            Turns: 4536, Time: 00:08:08

Health: -10/37     AC:  2    Str: 10    XL:     5   Next: 1%
Magic:  4/8        EV: 21    Int: 13    God:
Gold:   194        SH:  0    Dex: 20    Spells: 4/8 levels left

rFire    . . .     SeeInvis .     - Unarmed
rCold    + . .     Faith    +   (shield currently unavailable)
rNeg     . . .     Spirit   .   (armour currently unavailable)
rPois    x         Reflect  .   (helmet currently unavailable)
rElec    .         Harm     .   (cloak currently unavailable)
rCorr    .         Rampage  .   (gloves currently unavailable)
MR       .....                  (boots currently unavailable)
Stlth    ++........             e - amulet of faith
HPRegen  0.12/turn              t - ring of protection from cold (curse)
MPRegen  0.11/turn              (no ring)

@: spider-form
A: tiny, (change form in water), (swift swim), (stealthy swim)
a: End Transformation


You were on level 2 of the Abyss.
You were a venomous arachnid creature.
You visited 1 branch of the dungeon, and saw 3 of its levels.
You visited the Abyss 1 time.

You collected 194 gold pieces.

Inventory:

Armour
 a - a +0 robe (melded)
 n - a +0 helmet (melded)
 o - a +0 cloak (melded)
 s - a +0 pair of gloves (melded)
Jewellery
 e - an amulet of faith (around neck)
 t - a cursed ring of protection from cold (left front leg)
Scrolls
 b - a scroll of fear {unknown}
 d - 5 scrolls of remove curse {unknown}
 g - a scroll of amnesia {unknown}
 i - 4 scrolls of identify {unknown}
 m - a scroll of immolation {unknown}
 p - a scroll of noise {unknown}
 r - a scroll of enchant weapon {unknown}
Potions
 c - 3 potions of curing {unknown}
 f - a potion of berserk rage {unknown}
 h - a potion of mutation {unknown}
 j - 2 potions of invisibility {unknown}
 k - a potion of degeneration {unknown}
 l - 4 potions of stabbing {unknown}
 q - a potion of lignification {unknown}
 u - a potion of resistance {unknown}


   Skills:
 - Level 1.1 Fighting
 - Level 2.6 Dodging
 + Level 4.8 Unarmed Combat
 - Level 2.0 Spellcasting
 + Level 5.0 Transmutations


You had 4 spell levels left.
You knew the following spells:

 Your Spells              Type           Power        Failure   Level
c - Spider Form           Tmut/Pois      #.........   47%         3
p - Beastly Appendage     Tmut           ##....       11%         1

Your spell library contained the following spells:

 Spells                   Type           Power        Failure   Level
 Wereblood                Tmut           ##......     14%         2
 Magic Dart               Conj           #...         47%         1
 Blink                    Tloc           N/A          58%         2
 Call Imp                 Summ           #.......     58%         2
 Slow                     Hex            #.......     58%         2
 Conjure Flame            Conj/Fire      #.......     78%         3
 Mephitic Cloud           Conj/Pois/Air  #.......     78%         3
 Ice Form                 Ice/Tmut       #.......     83%         4
 Blade Hands              Tmut           ##........   83%         5


Dungeon Overview and Level Annotations

Branches:
Dungeon (3/15)

Altars:
Trog

Annotations:
D:3 Crazy Yiuf


Message History

You have reached level 5!
You feel clever.
Okay, then.
Oops, that ring feels deathly cold.
t - a cursed ring of protection from cold (left front leg)
The large abomination closely misses you.
You hit the large abomination.
The large abomination is lightly damaged.
The large abomination misses you.
You hit the large abomination.
The large abomination is lightly damaged.
The large abomination hits you!
* * * LOW HITPOINT WARNING * * *
You hit the large abomination.
The large abomination is lightly damaged.
You hit the large abomination.
The large abomination is moderately damaged.
The large abomination hits you!!
Ouch! That really hurt!
You die...

#. ....
###.#.. ..
##.
.####.#......
# ### #.... .
...
##..#.....
#.....#...
#.# .. ( .
#.# ..... #X#
.##.. ##s# .#
. #..# # ####


You could see a large abomination.

Vanquished Creatures
  A gnoll (D:1)
  5 adders
  An ufetubus (Abyss:2)
  3 worms
  A dart slug (D:1)
  4 orcs (D:3)
  A ball python (D:3)
  4 bats
  3 giant cockroaches
  3 goblins
  4 hobgoblins
  2 jackals (D:3)
  4 kobolds
  A quokka (D:3)
  5 frilled lizards
  4 rats
46 creatures vanquished.

Notes
Turn   | Place    | Note
-------+----------+-------------------------------------------
     0 | D:1      | lunkers the Merfolk Transmuter began the quest for the Orb.
     0 | D:1      | Reached XP level 1. HP: 15/15 MP: 3/3
   253 | D:1      | Reached skill level 3 in Transmutations
   502 | D:1      | Reached XP level 2. HP: 21/21 MP: 3/5
  1144 | D:1      | Reached XP level 3. HP: 14/26 MP: 4/6
  1450 | D:2      | Reached skill level 4 in Transmutations
  1879 | D:2      | Reached XP level 4. HP: 23/32 MP: 7/7
  2260 | D:2      | Found a faded altar of an unknown god.
  2385 | D:2      | Found a bloodstained altar of Trog.
  2736 | D:3      | Found a runed translucent door.
  2737 | D:3      | Noticed Crazy Yiuf
  2797 | D:3      | Learned a level 3 spell: Spider Form
  3938 | D:3      | Reached skill level 5 in Transmutations
  4408 | D:3      | Cast into level 2 of the Abyss (Crazy Yiuf)
  4467 | Abyss:2  | Noticed a large abomination
  4530 | Abyss:2  | Reached XP level 5. HP: 24/37 MP: 4/8
  4536 | Abyss:2  | Mangled by a large abomination

Illustrated notes

Levels and vault maps discovered:
D:1:      matt_arrival_los_fun, layout_basic
D:2:      layout_loops_ring, lemuel_doored_altar,
          chequers_ecumenical_altar_simple_redux
D:3:      layout_basic, uniq_crazy_yiuf_cottage
Abyss:2:  base: D:3, evilmike_abyss_exit_16, evilmike_abyss_exit_16

Skill      XL: |  1  2  3  4 |
---------------+-------------+-----
Transmutations | 3 4 5 |  5.0
Unarmed Combat | 4 |  4.8
Fighting       | |  1.1
Dodging        | |  2.6
Spellcasting   | |  2.0

Action                   |  1- 3 |  4- 6 || total
-------------------------+-------+-------++-------
Melee: Unarmed           |    68 |    95 ||   163
       Headbutt          |     5 |    15 ||    20
       Punch             |       |     3 ||     3
 Cast: Beastly Appendage |    13 |    19 ||    32
       Spider Form       |       |     2 ||     2
 Stab: Sleeping          |       |     2 ||     2
Armor: Robe              |    21 |    19 ||    40
Dodge: Dodged            |    50 |    79 ||   129

Table legend: (Time is in decaauts)
 A = Elapsed time spent in this place.
 B = Non-inter-level travel time spent in this place.
 C = Inter-level travel time spent in this place.
 D = Time resting spent in this place.
 E = Time spent auto-exploring this place.
 F = Levels seen in this place.
 G = Mean time per level.
                   A        B        C        D        E       F      G
               +--------+--------+--------+--------+--------+-----+--------+
         Total |   4521 |   4384 |    137 |      0 |   3913 |   4 | 1130.2 |
       Dungeon |   4394 |   4257 |    137 |      0 |   3857 |   3 | 1464.7 |
         Abyss |    126 |    126 |      0 |      0 |     56 |   1 |  126.0 |
               +--------+--------+--------+--------+--------+-----+--------+

Top non-repeatable levels by time:
     D:3: 1702 daAuts
     D:1: 1363 daAuts
     D:2: 1328 daAuts
 Abyss:2: 126 daAuts
